 Dungeon Crawl Stone Soup version 0.25-a0-737-g26c3a87 (webtiles) character file.

Game seed: 15232291775439824343, levelgen mode: deterministic

235 SomeFlowers the Ruffian (level 5, -1/41 HPs)
             Began as a Mummy Chaos Knight on Apr 12, 2020.
             Was a Plaything of Xom.
             Killed from afar by Blork the shock serpent (glowing shapeshifter) (15 damage)
             ... with a bolt of electricity
             ... on level 4 of the Dungeon.
             The game lasted 00:06:15 (3746 turns).

SomeFlowers the Ruffian (Mummy Chaos Knight)        Turns: 3746, Time: 00:06:15

Health: -1/41      AC: 10    Str: 15    XL:     5   Next: 76%
Magic:  5/5        EV:  4    Int: 11    God:    Xom [*.....]
Gold:   90         SH:  0    Dex: 13    Spells: 4/4 levels left

rFire    x . .     SeeInvis .     - Unarmed
rCold    + . .     Gourm    .   (no shield)
rNeg     + + +     Faith    .   i - +0 plate armour
rPois    ∞         Spirit   .   (no helmet)
rElec    .         Reflect  .   (no cloak)
rCorr    .         Harm     .   (no gloves)
MR       +....                  (no boots)
Stlth    ..........             (no amulet)
HPRegen  0.13/turn              f - ring of protection from magic
MPRegen  0.09/turn              (no ring)

@: no status effects
A: no food or potions, fire vulnerability, cold resistance 1, negative energy
resistance 3, torment resistance, unbreathing
a: Renounce Religion


You were on level 4 of the Dungeon.
You worshipped Xom.
You were a special plaything of Xom.
You were not hungry.

You visited 1 branch of the dungeon, and saw 4 of its levels.

You collected 90 gold pieces.

Inventory:

Hand Weapons
 n - a +0 flail
Missiles
 d - 19 poisoned darts (quivered)
 h - 6 javelins
Armour
 a - a +2 leather armour
 i - a +0 plate armour (worn)
Jewellery
 f - a ring of protection from magic (left hand)
 o - a cursed ring of attention {unknown}
 p - a +1 ring of evasion {unknown}
Scrolls
 b - 3 scrolls of remove curse {unknown}
 c - 2 scrolls of blinking {unknown}
 e - a scroll of fear {unknown}
 g - 2 scrolls of teleportation {unknown}
 j - a scroll of random uselessness {unknown}
 k - a scroll of immolation {unknown}
 l - a scroll of enchant weapon {unknown}
 m - a scroll of identify {unknown}


   Skills:
 - Level 3.0 Fighting
 - Level 1.5 Armour
 - Level 0.7 Dodging
 + Level 5.4 Unarmed Combat


You had 4 spell levels left.
You didn't know any spells.
Your spell library was empty.

Dungeon Overview and Level Annotations

Branches:
Dungeon (4/15)
 Temple: D:4-7

Altars:
Yredelemnul

Annotations:
D:4 Blork the orc


Innate Abilities, Weirdness & Mutations

You do not eat or drink.
Your flesh is vulnerable to fire.
You are immune to poison.
Your flesh is cold resistant. (rC+)
You are immune to negative energy. (rN+++)
You are immune to unholy pain and torment.
You can survive without breathing.


Message History

o - a glowing marble ring You hear the slow hiss of a very distant avalanche of sand.
The adder bites you but does no damage.
The hound skeleton bites you but does no damage.
The adder bites you but does no damage.
Blork the elephant comes into view.
Xom's attention turns to you for a moment.
The world around you seems to dim momentarily.
The adder bites you but does no damage.
You see here a knobbly gilded ring.
p - a knobbly gilded ring The hound skeleton bites you but does no damage.
The adder bites you but does no damage.
Found an escape hatch in the floor.
The adder bites you.
Blork the shock serpent comes into view.
Blork shoots out a bolt of lightning at you!
The bolt of electricity hits you!
You die...
Xom chuckles heartily!

...........#
#.
#............#
#.
#............#
#.
#>.........S.#
##
#............#
#............#
#............#
#............#
#....@.......#
#......SZ...##
#...........#
#...........#
#.###########
#. #


You could see Blork the shock serpent, an adder and a hound skeleton.

Vanquished Creatures
  A bullfrog (D:4)
  A centaur zombie (D:3)
  A worker ant (D:4)
  2 adders
  2 oozes
  4 worms
  2 dart slugs (D:1)
  4 leopard geckos
  An orc (D:3)
  2 ball pythons
  9 bats
  3 giant cockroaches
  9 goblins
  9 hobgoblins
  5 quokkas
  4 frilled lizards (D:2)
  5 kobolds
  5 rats
69 creatures vanquished.

Notes
Turn   | Place    | Note
-------+----------+-------------------------------------------
     0 | D:1      | SomeFlowers the Mummy Chaos Knight began the quest for the
                  | Orb.
     0 | D:1      | Reached XP level 1. HP: 18/18 MP: 1/1
   150 | D:1      | Reached skill level 3 in Unarmed Combat
   150 | D:1      | Reached XP level 2. HP: 18/24 MP: 2/2
   302 | D:1      | XOM: cloud trail
   472 | D:1      | XOM: silly message
  1003 | D:1      | XOM: harmless Ice miscast
  1006 | D:1      | Reached XP level 3. HP: 25/29 MP: 3/3
  1313 | D:2      | XOM: harmless Fire miscast
  1434 | D:2      | XOM is BORED!
  1434 | D:2      | XOM: mild Fire miscast
  1511 | D:2      | XOM: divination: magic mapping
  1677 | D:2      | XOM: harmless Tmut miscast
  1719 | D:2      | Reached skill level 4 in Unarmed Combat
  1777 | D:2      | XOM: enchant monster (bad)
  1882 | D:2      | Found a faded altar of an unknown god.
  1892 | D:2      | XOM: noise
  1901 | D:2      | Reached XP level 4. HP: 31/35 MP: 4/4
  2048 | D:2      | XOM is BORED!
  2115 | D:2      | Found a basalt altar of Yredelemnul.
  2602 | D:3      | XOM: blink monster(s)
  3576 | D:4      | Reached XP level 5. HP: 29/41 MP: 5/5
  3650 | D:4      | XOM: silly message
  3651 | D:4      | XOM: enchant monster (good)
  3664 | D:4      | Reached skill level 5 in Unarmed Combat
  3719 | D:4      | XOM: 1-stop teleportation journey
  3720 | D:4      | Noticed Blork the orc
  3722 | D:4      | Noticed Blork
  3722 | D:4      | Blork the orc changed into Blork the glowing shapeshifter
  3722 | D:4      | XOM: polymorph Blork the orc -> Blork the glowing
                  | shapeshifter
  3722 | D:4      | Noticed Blork
  3722 | D:4      | Blork the glowing shapeshifter changed into Blork the
                  | glowing orange brain
  3726 | D:4      | Noticed Blork
  3726 | D:4      | Blork the glowing orange brain changed into Blork the deep
                  | troll
  3727 | D:4      | Noticed Blork
  3727 | D:4      | Blork the deep troll changed into Blork the glowing orange
                  | brain
  3735 | D:4      | Noticed Blork
  3740 | D:4      | XOM: harmless Necr miscast
  3745 | D:4      | Noticed Blork
  3746 | D:4      | Killed from afar by Blork the shock serpent (glowing
                  | shapeshifter)

Levels and vault maps discovered:
D:1:      nicolae_arrival_somewhat_less_tricky_arrival, layout_basic
D:2:      layout_loops_ring, chequers_ecumenical_altar_simple_redux,
          first_ration, yredelemnul_altar_generic
D:3:      layout_basic
D:4:      layout_basic, enter_ossuary_5, corexii_shack,
          kennysheep_cross_bottleneck, uniq_blork_the_orc

Skill      XL: |  1  2  3  4  5 |
---------------+----------------+-----
Unarmed Combat | 3 4 5 |  5.4
Fighting       | |  3.0
Armour         | |  1.5
Dodging        | |  0.7

Action                   |  1- 3 |  4- 6 || total
-------------------------+-------+-------++-------
Melee: Unarmed           |   214 |   151 ||   365
       Punch             |     5 |     4 ||     9
Throw: Dart              |     1 |       ||     1
 Stab: Sleeping          |     1 |       ||     1
       Distracted        |       |     1 ||     1
       Petrified         |       |     3 ||     3
       Petrifying        |       |     2 ||     2
Armor: Leather armour    |    67 |    21 ||    88
       Plate armour      |       |    54 ||    54
Dodge: Dodged            |   123 |    51 ||   174

Table legend:
 A = Non-vault XP
 B = Vault XP
 C = Vault XP percentage of total XP
 D = Non-vault monster count
 E = Vault monster count
 F = Vault count percentage of total count
                 A         B        C        D         E       F
            +---------+---------+-------+---------+---------+-------
      Total |     337 |       0 |   0.0 |      69 |       0 |   0.0
            +---------+---------+-------+---------+---------+-------
        D:1 |      46 |       0 |   0.0 |      20 |       0 |   0.0
        D:2 |      73 |       0 |   0.0 |      30 |       0 |   0.0
        D:3 |      69 |       0 |   0.0 |      12 |       0 |   0.0
        D:4 |     149 |       0 |   0.0 |       7 |       0 |   0.0
            +---------+---------+-------+---------+---------+-------
